 Dungeon Sprint DCSS version 0.19-a0-1462-g5650605 (webtiles) character file.

2361 Cupidatis the Jinx (level 9, -1/51 HPs)
             Began as a Spriggan Enchanter on Sept 7, 2016.
             Was a Follower of Dithmenos.
             Shot with an arrow by a centaur warrior (16 damage)
             ... in the Dungeon (Sprint I: "Red Sonja").
             The game lasted 00:05:29 (593 turns).

Cupidatis the Jinx (Spriggan Enchanter)              Turns: 593, Time: 00:05:30

Health: -1/51      AC:  3    Str:  4    XL:     9   Next: 21%
Magic:  21/23      EV: 21    Int: 17    God:    Dithmenos [*.....]
Gold:   833        SH:  0    Dex: 19    Spells: 5 memorised, 15 levels left

rFire  . . .     SeeInvis +     l - +0 short sword (distort)
rCold  . . .     Gourm    .     b - +1 robe
rNeg   . . .     Faith    .     (shield restricted)
rPois  .         Spirit   .     (helmet restricted)
rElec  .         Dismiss  .     (no cloak)
rCorr  .         Reflect  .     (gloves unavailable)
MR     +....     Harm     .     (boots unavailable)
Stlth  ++++++.... NoTele   +    (no amulet)
                                (no ring)
                                (no ring)

@: very slightly contaminated, wreathed by umbra, very quick
A: unfitting armour, see invisible, herbivore 3, speed 3, slow metabolism 2
a: Renounce Religion


You were in the Dungeon.
You worshipped Dithmenos.
Dithmenos was aware of your devotion.
You were not hungry.

You visited 1 branch You collected 833 gold pieces.

Inventory:

Hand Weapons
 a - a +1 dagger
 l - a +0 short sword of distortion (weapon)
Armour
 b - a +1 robe (worn)
 m - a troll hide
Scrolls
 j - a scroll of blinking
 k - a scroll of fear {unknown}
 n - a scroll of identify {unknown}
 o - a scroll of silence {unknown}
 p - a scroll of fog {unknown}
Potions
 e - 4 potions of curing
 f - a potion of heal wounds
 g - a potion of haste
 h - 2 potions of magic
 i - a potion of berserk rage
Books
 c - a book of Maledictions

   Spells                             Type                      Level
   a - Corona                         Hexes                        1
   b - Ensorcelled Hibernation        Hexes/Ice                    2
   c - Confuse                        Hexes                        3
   d - Tukima's Dance                 Hexes                        3
   e - Dazzling Spray                 Conjuration/Hexes            3
Comestibles
 d - a bread ration


   Skills:
 + Level 7.7 Fighting
 + Level 10.2 Short Blades
 - Level 5.4 Dodging
 - Level 9.5 Stealth
 - Level 9.5 Spellcasting
 + Level 13.3 Hexes
 + Level 7.5 Invocations


You had 15 spell levels left.
You knew the following spells:

 Your Spells              Type           Power        Failure   Level  Hunger
a - Corona                Hex            ######.      1%          1    None
b - Ensorcelled Hibernat  Hex/Ice        ####..       1%          2    None
c - Confuse               Hex            ######..     1%          3    None
d - Dazzling Spray        Conj/Hex       ####..       1%          3    None
e - Tukima's Dance        Hex            ######..     1%          3    None


Dungeon Overview and Level Annotations

Branches:
Dungeon (1/1)

Altars:
Cheibriados
Dithmenos
Elyvilon
Fedhas
Gozag
Hepliaklqana
Kikubaaqudgha
Makhleb
Nemelex Xobeh
Okawaru
Qazlal
Ru
Sif Muna
Trog
Uskayaw
Vehumet
Xom
Yredelemnul
Zin
The Shining One
Jiyva
Lugonu

Shops:
D ([


Innate Abilities, Weirdness & Mutations

You are tiny and cannot use many weapons and most armour.
You have supernaturally acute eyesight. (SInv)
You are a herbivore.
You cover ground extremely quickly.
You need consume almost no food.


Message History

As you read the scroll of blinking, it crumbles to dust.
You close the door.
Something unseen opens the door.
There is an open door here.
There is an open door here.
You close the door.
A centaur warrior opens the door.
There is an open door here.
You see here a yak skeleton.
You close the door.
A centaur warrior opens the door.
There is a stormy altar of Qazlal here.
Casting: Ensorcelled Hibernation
Confirm with . or Enter, or press ? or * to list all spells.
Aiming: Ensorcelled Hibernation
Press: ? - help, Shift-Dir - straight line, f - centaur warrior
Aim: a centaur warrior, wielding a shortbow (chance to defeat MR: 41%)
The centaur warrior resists with some effort.
The centaur warrior shoots an arrow.
The arrow hits you!
You die...

#########################
#<.#..'..#.)'..#__#..'..)
#..'..#.)'..#..'^.'..#.).
#..#####'#####'#__####...
#..####..#...#.####)§####
#..#__####..##(#≈≈§§c#
#..#____@##'#..+§§≈§.+
#⌠⌠#_.∩..÷c..._#§§c§c
####_..__##_.#'##§###
#_____###'#[#§...###
#########.####'###.##
+...'.c...'.∩#
#.).########## ###.###
#.#'#.#


You could see a centaur warrior.

Vanquished Creatures
  Sonja (D)
  A deep troll (D)
  2 kobold demonologists (D)
  A slime creature (D)
  Sigmund (D)
  A yak (D)
  A giant eyeball (D)
  An ogre (D)
  A jelly (D)
  Ijyb (D)
  2 ballistomycetes (D)
  A giant spore (D)
14 creatures vanquished.

Vanquished Creatures (others)
  A giant spore (D)
1 creature vanquished.

Grand Total: 15 creatures vanquished

Notes
Turn   | Place    | Note
-------+----------+-------------------------------------------
     0 | D        | Cupidatis the Spriggan Enchanter began the quest for the Orb.
     0 | D        | Reached XP level 1. HP: 9/9 MP: 5/5
     1 | D        | Noticed Ijyb
    14 | D        | Killed Ijyb
    14 | D        | Reached skill level 5 in Hexes
    14 | D        | Reached XP level 2. HP: 10/13 MP: 4/8
    76 | D        | Learned a level 2 spell: Ensorcelled Hibernation
    78 | D        | Noticed an ogre
    81 | D        | Killed an ogre
    81 | D        | Reached skill level 5 in Short Blades
    81 | D        | Reached skill level 6 in Hexes
    81 | D        | Reached XP level 3. HP: 16/16 MP: 6/11
    81 | D        | Reached XP level 4. HP: 21/21 MP: 7/13
   134 | D        | Noticed Sigmund
   137 | D        | Killed Sigmund
   137 | D        | Reached skill level 8 in Hexes
   137 | D        | Reached XP level 5. HP: 24/24 MP: 13/16
   142 | D        | Learned a level 3 spell: Confuse
   146 | D        | Learned a level 3 spell: Dazzling Spray
   150 | D        | Learned a level 3 spell: Tukima's Dance
   164 | D        | Found a deep blue altar of Sif Muna.
   166 | D        | Found a radiant altar of Vehumet.
   170 | D        | Reached skill level 1 in Fighting
   170 | D        | Reached XP level 6. HP: 30/30 MP: 18/18
   177 | D        | Found a burning altar of Makhleb.
   177 | D        | Found a viscous altar of Jiyva.
   177 | D        | Found a shimmering altar of Xom.
   177 | D        | Found a corrupted altar of Lugonu.
   177 | D        | Noticed a slime creature
   180 | D        | Killed a slime creature
   180 | D        | Reached skill level 9 in Hexes
   204 | D        | Found Lawogh's Weapon Emporium.
   204 | D        | Found an ancient bone altar of Kikubaaqudgha.
   204 | D        | Found a hazy altar of Hepliaklqana.
   204 | D        | Found a hide-covered altar of Uskayaw.
   204 | D        | Found a basalt altar of Yredelemnul.
   204 | D        | Found an opulent altar of Gozag.
   204 | D        | Found a snail-covered altar of Cheibriados.
   204 | D        | Found a sacrificial altar of Ru.
   204 | D        | Found a shadowy altar of Dithmenos.
   204 | D        | Noticed a yak
   205 | D        | Found a stormy altar of Qazlal.
   205 | D        | Found a blossoming altar of Fedhas.
   205 | D        | Found a bloodstained altar of Trog.
   205 | D        | Found an iron altar of Okawaru.
   205 | D        | Found a glowing golden altar of the Shining One.
   205 | D        | Found a glowing silver altar of Zin.
   205 | D        | Found a white marble altar of Elyvilon.
   206 | D        | Killed a yak
   206 | D        | Reached skill level 5 in Dodging
   206 | D        | Reached skill level 10 in Hexes
   206 | D        | Reached XP level 7. HP: 37/37 MP: 21/21
   207 | D        | Found a sparkling altar of Nemelex Xobeh.
   215 | D        | Became a worshipper of Dithmenos the Shadowed
   243 | D        | Noticed a kobold demonologist
   244 | D        | Noticed a kobold demonologist
   250 | D        | Noticed a soul eater
   252 | D        | Killed a kobold demonologist
   252 | D        | Reached skill level 5 in Fighting
   252 | D        | Reached skill level 11 in Hexes
   252 | D        | Reached XP level 8. HP: 42/44 MP: 15/22
   255 | D        | Killed a kobold demonologist
   255 | D        | Reached * piety under Dithmenos
   255 | D        | Reached skill level 12 in Hexes
   255 | D        | Reached skill level 5 in Invocations
   334 | D        | Noticed Sonja
   338 | D        | Killed Sonja
   394 | D        | Noticed a deep troll
   403 | D        | Killed a deep troll
   403 | D        | Reached skill level 10 in Short Blades
   403 | D        | Reached skill level 13 in Hexes
   403 | D        | Reached XP level 9. HP: 29/51 MP: 20/23
   562 | D        | Found Wostenydd's Armour Emporium.
   576 | D        | Noticed a centaur warrior
   576 | D        | Noticed a centaur warrior
   593 | D        | Shot with an arrow by a centaur warrior

Vault maps used:
D:        dungeon_sprint_1

Skill      XL: |  1  2  3  4  5  6  7  8 |
---------------+-------------------------+-----
Short Blades   | 3 5 7 8 10 | 10.2
Spellcasting   | 4 6 8 9 |  9.5
Hexes          | 5 6 8 10 11 13 | 13.3
Stealth        | 6 9 |  9.5
Fighting       | 1 4 5 7 |  7.7
Dodging        | 5 |  5.4
Invocations    | 4 7 |  7.5

Action                   |  1- 3 |  4- 6 |  7- 9 || total
-------------------------+-------+-------+-------++-------
Melee: Dagger            |    11 |     4 |     5 ||    20
       Short sword       |       |       |     9 ||     9
 Cast: Corona            |     1 |       |       ||     1
       Ensorcelled Hiber |     1 |       |     8 ||     9
       Dazzling Spray    |       |       |     1 ||     1
  Use: Scroll            |       |       |     1 ||     1
 Stab: Sleeping          |     2 |     4 |     6 ||    12
Armor: Robe              |     1 |       |       ||     1
Dodge: Dodged            |     7 |       |    14 ||    21
